| TOP OF THE 1ST |
|
Chicago White Sox batting - Pitching for Toronto Blue Jays : LHP Thomas Boyd
|
|
Pitching: LHP Thomas Boyd
|
|
|
Batting: RHB Steve Henderson
|
0-0: Ball 1-0: Ball 2-0: Ball 3-0: Ground out 6-3 (Groundball, 56, EV 96.3 MPH)
|
|
Batting: SHB Ozzie Smith
|
0-0: Called Strike 0-1: Foul Ball, location: 2F 0-2: Ball 1-2: Ball 2-2: Foul Ball, location: 2F 2-2: Ground out 6-3 (Groundball, 6, EV 83.1 MPH)
|
|
Batting: RHB Mike Heath
|
0-0: Called Strike 0-1: Ball 1-1: Fly out, F9 (Flyball, 9LS, EV 92.5 MPH)
|
| Top of the 1st over - 0 runs, 0 hits, 0 errors, 0 left on base; Chicago 0 - Toronto 0 |
| BOTTOM OF THE 1ST |
|
Toronto Blue Jays batting - Pitching for Chicago White Sox : LHP Douglas Nelson
|
|
Pitching: LHP Douglas Nelson
|
|
|
Batting: SHB Harold Reynolds
|
0-0: Ball 1-0: Ball 2-0: Called Strike 2-1: Ball 3-1: Foul Ball, location: 2F 3-2: Strikes out swinging
|
|
Batting: LHB Sheldon Mallory
|
0-0: Ball 1-0: Foul Ball, location: 2F 1-1: SINGLE (Groundball, 34D, EV 93.8 MPH)
|
|
Batting: LHB Chad Daley
|
0-0: Ball 1-0: Foul Ball, location: 2F 1-1: Foul Ball, location: 2F 1-2: Ball 2-2: Ball 3-2: Foul Ball, location: 2F 3-2: Foul Ball, location: 2F 3-2: Ground out U3 (Groundball, 3S, EV 68.1 MPH) Sheldon Mallory to second
|
|
Batting: RHB Jose Gonzalez
|
0-0: Called Strike 0-1: Foul Ball, location: 2F 0-2: Foul Ball, location: 2F 0-2: Fly out, F9 (Flyball, 89XD, EV 103.8 MPH)
|
| Bottom of the 1st over - 0 runs, 1 hit, 0 errors, 1 left on base; Chicago 0 - Toronto 0 |
| TOP OF THE 2ND |
|
Chicago White Sox batting - Pitching for Toronto Blue Jays : LHP Thomas Boyd
|
|
Batting: LHB Mitchell Page
|
0-0: Swinging Strike 0-1: Ground out 4-3 (Groundball, 4S, EV 76.9 MPH)
|
|
Batting: RHB Tim Teufel
|
0-0: Called Strike 0-1: Ball 1-1: Swinging Strike 1-2: Fly out, F8 (Line Drive, 8RM, EV 88.1 MPH)
|
|
Batting: RHB Brian Harper
|
0-0: Ball 1-0: Called Strike 1-1: Ground out 5-3 (Groundball, 56, EV 88.1 MPH)
|
| Top of the 2nd over - 0 runs, 0 hits, 0 errors, 0 left on base; Chicago 0 - Toronto 0 |
| BOTTOM OF THE 2ND |
|
Toronto Blue Jays batting - Pitching for Chicago White Sox : LHP Douglas Nelson
|
|
Batting: RHB Andres Galarraga
|
0-0: Ball 1-0: Ball 2-0: Foul Ball, location: 2F 2-1: Fly out, F6 (Flyball, 56D, EV 87.5 MPH)
|
|
Batting: LHB Steve Stroughter
|
0-0: Called Strike 0-1: Foul Ball, location: 2F 0-2: Ball 1-2: Ball 2-2: Fly out, F8 (Flyball, 8LXD, EV 95.6 MPH)
|
|
Batting: RHB Cal Ripken
|
0-0: Ball 1-0: Foul Ball, location: 2F 1-1: Ball 2-1: Foul Ball, location: 2F 2-2: Ball 3-2: Fly out, F8 (Flyball, 8LM, EV 93.1 MPH)
|
| Bottom of the 2nd over - 0 runs, 0 hits, 0 errors, 0 left on base; Chicago 0 - Toronto 0 |
| TOP OF THE 3RD |
|
Chicago White Sox batting - Pitching for Toronto Blue Jays : LHP Thomas Boyd
|
|
Batting: SHB Dwayne Taggart
|
0-0: Ball 1-0: Ball 2-0: Called Strike 2-1: SINGLE (Groundball, 56D, EV 96.3 MPH)
|
|
Batting: RHB Jim Wynn
|
0-0: Ball 1-0: Foul Ball, location: 2F 1-1: Ball 2-1: Swinging Strike 2-2: Foul Ball, location: 2F 2-2: Ball 3-2: Foul Ball, location: 2F 3-2: Foul Ball, location: 2F 3-2: Foul Ball, location: 2F 3-2: Base on Balls Dwayne Taggart to second
|
|
Batting: LHB Ryan MacFarland
|
0-0: Called Strike 0-1: Fly out, F7 (Flyball, 7D, EV 100.0 MPH)
|
|
Batting: RHB Steve Henderson
|
0-0: Swinging Strike 0-1: SINGLE (Line Drive, 7S, EV 100.0 MPH) Dwayne Taggart to third Jim Wynn to second Runner from 3rd tries for Home, throw by LF and OUT! 7-2
|
|
Batting: SHB Ozzie Smith
|
0-0: Called Strike 0-1: Foul Ball, location: 2F 0-2: Ball 1-2: Ball 2-2: TRIPLE (Flyball, 9D, EV 98.8 MPH) Jim Wynn scores Steve Henderson scores
|
|
Batting: RHB Mike Heath
|
0-0: Ball Steal of home, Ozzie Smith is out
|
| Top of the 3rd over - 2 runs, 3 hits, 0 errors, 0 left on base; Chicago 2 - Toronto 0 |
| BOTTOM OF THE 3RD |
|
Toronto Blue Jays batting - Pitching for Chicago White Sox : LHP Douglas Nelson
|
|
Batting: LHB Milt Thompson
|
0-0: Ball 1-0: SINGLE (Line Drive, 89M, EV 106.9 MPH)
|
|
Batting: RHB Jose Carrillo
|
0-0: Fly out, F8 (Flyball, 8LM, EV 87.5 MPH)
|
|
Batting: SHB Harold Reynolds
|
0-0: Fielders Choice at 2nd, 4-6 (Groundball, 34, EV 89.4 MPH)
|
|
Batting: LHB Sheldon Mallory
|
0-0: Ball 1-0: Ball 2-0: Fly out, F6 (Popup, 6MD, EV 54.4 MPH)
|
| Bottom of the 3rd over - 0 runs, 1 hit, 0 errors, 1 left on base; Chicago 2 - Toronto 0 |
| TOP OF THE 4TH |
|
Chicago White Sox batting - Pitching for Toronto Blue Jays : LHP Thomas Boyd
|
|
Batting: RHB Mike Heath
|
0-0: SINGLE (Groundball, 56D, EV 95.6 MPH)
|
|
Batting: LHB Mitchell Page
|
0-0: Ball 1-0: Foul Ball, location: 2F 1-1: Swinging Strike 1-2: Strikes out swinging
|
|
Batting: RHB Tim Teufel
|
0-0: Ball 1-0: Foul Ball, location: 2F 1-1: Called Strike 1-2: Foul Ball, location: 2F 1-2: Ball 2-2: Fly out, F8 (Flyball, 78D, EV 100.0 MPH)
|
|
Batting: RHB Brian Harper
|
0-0: Called Strike Mike Heath steals 2nd base 0-1: Foul Ball, location: 2F 0-2: Strikes out looking
|
| Top of the 4th over - 0 runs, 1 hit, 0 errors, 1 left on base; Chicago 2 - Toronto 0 |
| BOTTOM OF THE 4TH |
|
Toronto Blue Jays batting - Pitching for Chicago White Sox : LHP Douglas Nelson
|
|
Batting: LHB Chad Daley
|
0-0: Fly out, F7 (Flyball, 7S, EV 89.4 MPH)
|
|
Batting: RHB Jose Gonzalez
|
0-0: Ball 1-0: Ball 2-0: Fly out, F9 (Line Drive, 9D, EV 91.9 MPH)
|
|
Batting: RHB Andres Galarraga
|
0-0: SINGLE (Line Drive, 78M, EV 106.3 MPH)
|
|
Batting: LHB Steve Stroughter
|
0-0: Fly out, F6 (Popup, 6MS, EV 78.8 MPH)
|
| Bottom of the 4th over - 0 runs, 1 hit, 0 errors, 1 left on base; Chicago 2 - Toronto 0 |
| TOP OF THE 5TH |
|
Chicago White Sox batting - Pitching for Toronto Blue Jays : LHP Thomas Boyd
|
|
Batting: SHB Dwayne Taggart
|
0-0: Called Strike 0-1: Foul Ball, location: 2F 0-2: Strikes out swinging
|
|
Batting: RHB Jim Wynn
|
0-0: Foul Ball, location: 2F 0-1: Ball 1-1: Ball 2-1: Called Strike 2-2: Ball 3-2: Foul Ball, location: 2F 3-2: Ground out 6-3 (Groundball, 6, EV 107.5 MPH)
|
|
Batting: LHB Ryan MacFarland
|
0-0: SINGLE (Groundball, 6D, EV 106.9 MPH)
|
|
Batting: RHB Steve Henderson
|
0-0: Ball 1-0: Swinging Strike 1-1: Foul Ball, location: 2F 1-2: Ball 2-2: Fly out, F3 (Popup, 34S, EV 78.8 MPH)
|
| Top of the 5th over - 0 runs, 1 hit, 0 errors, 1 left on base; Chicago 2 - Toronto 0 |
| BOTTOM OF THE 5TH |
|
Toronto Blue Jays batting - Pitching for Chicago White Sox : LHP Douglas Nelson
|
|
Batting: RHB Cal Ripken
|
0-0: Ball 1-0: Ball 2-0: Ball 3-0: Called Strike 3-1: Base on Balls
|
|
Batting: LHB Milt Thompson
|
0-0: Called Strike 0-1: Foul Ball, location: 2F 0-2: Ball 1-2: Ball 2-2: Ball 3-2: Fielders Choice at 2nd, 6-4 (Groundball, 56, EV 82.5 MPH)
|
|
Batting: RHB Jose Carrillo
|
0-0: Ball Wild Pitch! Milt Thompson to second 1-0: SINGLE (Flyball, 78S, EV 91.3 MPH) Milt Thompson to third Runner from 3rd tries for Home, SAFE, throw by CF to home
|
|
Batting: SHB Harold Reynolds
|
0-0: Ball 1-0: Ball 2-0: Fly out, F5 (Line Drive, 5, EV 63.8 MPH)
|
|
Batting: LHB Sheldon Mallory
|
0-0: Hit by Pitch Jose Carrillo to second
|
|
Batting: LHB Chad Daley
|
0-0: Foul Ball, location: 2F 0-1: Ball 1-1: Fly out, F7 (Flyball, 7LM, EV 81.9 MPH)
|
| Bottom of the 5th over - 1 run, 1 hit, 0 errors, 2 left on base; Chicago 2 - Toronto 1 |
| TOP OF THE 6TH |
|
Chicago White Sox batting - Pitching for Toronto Blue Jays : LHP Thomas Boyd
|
|
Batting: SHB Ozzie Smith
|
0-0: Ground out 5-3 (Groundball, 56, EV 80.0 MPH)
|
|
Batting: RHB Mike Heath
|
0-0: Foul Ball, location: 2F 0-1: Ball 1-1: Ball 2-1: SINGLE (Groundball, 5S, EV 63.8 MPH) (infield hit)
|
|
Pinch Runner at 1st Bob Bailey:
|
|
|
Batting: LHB Mitchell Page
|
0-0: Called Strike 0-1: Ball 1-1: Swinging Strike 1-2: Foul Ball, location: 2F 1-2: Strikes out swinging
|
|
Batting: RHB Tim Teufel
|
0-0: Foul Ball, location: 2F 0-1: Foul Ball, location: 2F 0-2: Ball Wild Pitch! Bob Bailey to second 1-2: Ball 2-2: Ball 3-2: Base on Balls
|
|
Batting: RHB Brian Harper
|
0-0: Fielders Choice at 2nd, 6-4 (Groundball, 6, EV 80.6 MPH)
|
| Top of the 6th over - 0 runs, 1 hit, 0 errors, 2 left on base; Chicago 2 - Toronto 1 |
| BOTTOM OF THE 6TH |
|
Toronto Blue Jays batting - Pitching for Chicago White Sox : LHP Douglas Nelson
|
|
Now at SS: Wayne Tolleson
|
|
|
Batting: RHB Jose Gonzalez
|
0-0: Called Strike 0-1: Ball 1-1: Ground out 4-3 (Groundball, 4, EV 108.8 MPH)
|
|
Batting: RHB Andres Galarraga
|
0-0: Ball 1-0: SOLO HOME RUN (Line Drive, 9D, EV 108.8 MPH), Distance : 403 ft
|
|
Batting: LHB Steve Stroughter
|
0-0: Ball 1-0: Ball 2-0: Fly out, F7 (Flyball, 7LD, EV 103.1 MPH)
|
|
Batting: RHB Cal Ripken
|
0-0: Called Strike 0-1: Swinging Strike 0-2: Ball 1-2: Ball 2-2: Strikes out swinging
|
| Bottom of the 6th over - 1 run, 1 hit, 0 errors, 0 left on base; Chicago 2 - Toronto 2 |
| TOP OF THE 7TH |
|
Chicago White Sox batting - Pitching for Toronto Blue Jays : LHP Thomas Boyd
|
|
Batting: SHB Dwayne Taggart
|
0-0: Called Strike 0-1: Ball 1-1: Foul Ball, location: 2F 1-2: Strikes out swinging wild pitch, reaches first!
|
|
Batting: RHB Jim Wynn
|
0-0: Ball 1-0: Foul Ball, location: 2F 1-1: Ball 2-1: Swinging Strike 2-2: Grounds into double play, 6-4-3 (Groundball, 6, EV 88.8 MPH)
|
|
Batting: LHB Ryan MacFarland
|
0-0: Fly out, F3 (Flyball, 3D, EV 97.5 MPH)
|
| Top of the 7th over - 0 runs, 0 hits, 0 errors, 0 left on base; Chicago 2 - Toronto 2 |
| BOTTOM OF THE 7TH |
|
Toronto Blue Jays batting - Pitching for Chicago White Sox : LHP Douglas Nelson
|
|
Batting: LHB Milt Thompson
|
0-0: SINGLE (Groundball, 5L, EV 111.3 MPH)
|
|
Batting: RHB Jose Carrillo
|
0-0: Called Strike 0-1: Foul Ball, location: 2F 0-2: Ball 1-2: Ball 2-2: Ball 3-2: SINGLE (Groundball, 4MD, EV 108.1 MPH) Milt Thompson to second Milt Thompson to third
|
|
Batting: SHB Harold Reynolds
|
0-0: DOUBLE (Line Drive, 78M, EV 108.1 MPH) Milt Thompson scores Jose Carrillo to third Runner from 3rd tries for Home, SAFE, no throw by LF
|
|
Batting: LHB Sheldon Mallory
|
0-0: Ground out U3 (Groundball, 3, EV 83.8 MPH) Harold Reynolds to third
|
|
Batting: LHB Chad Daley
|
0-0: Called Strike 0-1: Ball 1-1: SINGLE (Line Drive, 7LS, EV 90.0 MPH) Harold Reynolds scores
|
|
Pitching: RHP Win Remmerswaal
|
|
|
Batting: RHB Jose Gonzalez
|
0-0: Ball 1-0: Fly out, F4 (Popup, 4, EV 59.4 MPH)
|
|
Batting: RHB Andres Galarraga
|
0-0: Foul Ball, location: 2F 0-1: Swinging Strike 0-2: SINGLE (Groundball, 56D, EV 98.8 MPH) Chad Daley to second
|
|
Batting: LHB Steve Stroughter
|
0-0: Ball 1-0: Ball 2-0: Foul Ball, location: 2F 2-1: Foul Ball, location: 2F 2-2: Ground out U3 (Groundball, 34, EV 82.5 MPH)
|
| Bottom of the 7th over - 3 runs, 5 hits, 0 errors, 2 left on base; Chicago 2 - Toronto 5 |
| TOP OF THE 8TH |
|
Chicago White Sox batting - Pitching for Toronto Blue Jays : LHP Thomas Boyd
|
|
Batting: RHB Steve Henderson
|
0-0: Called Strike 0-1: Called Strike 0-2: DOUBLE (Line Drive, 78D, EV 107.5 MPH)
|
|
Batting: SHB Ozzie Smith
|
0-0: Ball 1-0: Fly out, F9 (Flyball, 9, EV 86.9 MPH)
|
|
Batting: SHB Wayne Tolleson
|
0-0: Ball 1-0: DOUBLE (Line Drive, 5D, EV 94.4 MPH) Steve Henderson scores
|
|
Batting: LHB Mitchell Page
|
0-0: Ball 1-0: Ground out 4-3 (Groundball, 4, EV 84.4 MPH) Wayne Tolleson to third
|
|
Batting: RHB Tim Teufel
|
0-0: Called Strike 0-1: Ball 1-1: Fly out, F8 (Flyball, 8RM, EV 90.0 MPH)
|
| Top of the 8th over - 1 run, 2 hits, 0 errors, 1 left on base; Chicago 3 - Toronto 5 |
| BOTTOM OF THE 8TH |
|
Toronto Blue Jays batting - Pitching for Chicago White Sox : RHP Win Remmerswaal
|
|
Batting: RHB Cal Ripken
|
0-0: Swinging Strike 0-1: Foul Ball, location: 2F 0-2: Ground out 2-3 (Groundball, 2R, EV 63.1 MPH)
|
|
Batting: LHB Milt Thompson
|
0-0: Foul Ball, location: 2F 0-1: Ground out 2-3 (Groundball, 15S, EV 66.9 MPH)
|
|
Batting: RHB Jose Carrillo
|
0-0: Swinging Strike 0-1: Ball 1-1: Called Strike 1-2: Ground out 6-3 (Groundball, 6, EV 86.9 MPH)
|
| Bottom of the 8th over - 0 runs, 0 hits, 0 errors, 0 left on base; Chicago 3 - Toronto 5 |
| TOP OF THE 9TH |
|
Chicago White Sox batting - Pitching for Toronto Blue Jays : LHP Thomas Boyd
|
|
Now at 2B: Chris Speier
|
|
|
Batting: RHB Brian Harper
|
0-0: Ball 1-0: Foul Ball, location: 2F 1-1: Ball 2-1: Foul Ball, location: 2F 2-2: Fly out, F7 (Flyball, 78S, EV 92.5 MPH)
|
|
Batting: SHB Dwayne Taggart
|
0-0: Ball 1-0: Ball 2-0: Ball 3-0: Base on Balls
|
|
Batting: RHB Jim Wynn
|
0-0: Ball 1-0: Ball 2-0: Called Strike 2-1: Foul Ball, location: 2F 2-2: Strikes out swinging
|
|
Pinch Hitting: RHB Kevin McReynolds
|
0-0: Ball 1-0: Foul Ball, location: 2F 1-1: Fly out, F9 (Flyball, 9D, EV 97.5 MPH)
|
| Top of the 9th over - 0 runs, 0 hits, 0 errors, 1 left on base; Chicago 3 - Toronto 5 |
|